 Dungeon Crawl Stone Soup version 0.32-a0-893-gf85d74f (webtiles) character file.

Game seed: 7039212071585298963

156 danspanner the Conjurer (level 5, -6/31 HPs)
             Began as an Octopode Conjurer on Apr 3, 2024.
             Was a Follower of Sif Muna.
             Splashed by a jelly's acid (8 damage)
             ... on level 5 of the Dungeon.
             The game lasted 00:17:49 (4401 turns).

danspanner the Conjurer (Octopode Conjurer)         Turns: 4401, Time: 00:17:50

Health: -6/31      AC: -3    Str:  6    XL:     5   Next: 37%
Magic:  9/9        EV: 12    Int: 22    God:    Sif Muna [*.....]
Gold:   337        SH:  0    Dex: 11    Spells: 2/9 levels left

rFire   . . .        d - +0 short sword
rCold   . . .        (no shield)
rNeg    . . .        (helmet restricted)
rPois   .            (no amulet)
rElec   .            (no ring)
rCorr   .            (no ring)
SInv    .            (no ring)
Will    .....        (no ring)
Stlth   +++          (no ring)
HPRegen 0.25/turn    (no ring)
MPRegen 0.11/turn    (no ring)
                     (no ring)

%: no passive effects
@: corroded
A: almost no armour, amphibious, 8 rings, camouflage 1, gelatinous body 1,
(nimble swimmer 1), tentacles
a: Renounce Religion, Channel Magic


You were on level 5 of the Dungeon.
You worshipped Sif Muna.
Sif Muna was aware of your devotion.
You visited 1 branch of the dungeon, and saw 6 of its levels.

You collected 337 gold pieces.

Inventory:

Hand Weapons
 d - a +0 short sword (weapon)
Scrolls
 e - 2 scrolls of enchant armour
 g - 2 scrolls of poison
 j - a scroll of enchant weapon {unknown}
 l - 2 scrolls of teleportation {unknown}
 o - a scroll of blinking {unknown}
 p - 2 scrolls of torment {unknown}
 r - a scroll of amnesia {unknown}
 s - 2 scrolls of vulnerability {unknown}
Potions
 a - 4 potions of magic
 b - 2 potions of degeneration {unknown}
 c - a potion of attraction {unknown}
 f - 2 potions of haste
 h - 4 potions of curing {unknown}
 i - 3 potions of brilliance
 m - 2 potions of lignification {unknown}
 n - a potion of resistance {unknown}
 q - a potion of berserk rage {unknown}


   Skills:
 + Level 2.9 Dodging
 + Level 4.2 Stealth
 + Level 2.8 Spellcasting
 + Level 4.6 Conjurations
 + Level 1.8 Ice Magic


You had 2 spell levels left.
You knew the following spells:

 Your Spells              Type           Power      Damage    Failure   Level
a - Magic Dart            Conj           92%        1d7       1%          1
b - Freeze                Ice            44%        1d6       6%          1
c - Searing Ray           Conj           46%        2d6       3%          2
d - Hailstorm             Conj/Ice       17%        3d6       10%         3

Your spell library contained the following spells:

 Spells                   Type           Power      Damage    Failure   Level
 Foxfire                  Conj/Fire      52%        2x1d6     4%          1
 Frozen Ramparts          Ice            22%        1d4       19%         3
 Fulminant Prism          Conj/Alch      6%         3d6       43%         4
 Iskenderun's Mystic Bla Conj/Tloc 13%            2d5        (+2d2     43%         4
 Plasma Beam              Fire/Air       1%         2x1d11    100%        6
 Starburst                Conj/Fire      6%         6d4       100%        6


Dungeon Overview and Level Annotations

Branches:
Dungeon (6/15)             Temple (0/1) D:6

Altars:
Sif Muna
Wu Jian
Zin
The Shining One

Annotations:
D:4 Eustachio, Grinder


Innate Abilities, Weirdness & Mutations

You cannot wear most types of armour.
You are amphibious.
You can wear up to eight rings at the same time.
Your skin changes colour to match your surroundings (Stealth+).
Your rubbery body absorbs attacks. (AC +1, EV +1)
((You are camouflaged when in or above water. (Stealth+)))
You have tentacles for arms and can constrict up to eight enemies at once.


Message History

You enter the deep water.
h - 4 fuming brown potions (gained 1)
Found a plate armour.
You enter the deep water.
You enter the deep water.
a - 4 potions of magic (gained 1)
You enter the deep water.
Found a glowing silver altar of Zin.
You enter the deep water.
Found a glowing golden altar of the Shining One.
You enter the deep water.
You enter the deep water.
You enter the deep water.
You enter the deep water.
You enter the deep water.
There is an escape hatch in the ceiling here.
A jelly comes into view.
You see here a scroll labelled PICYCZ DETI.
s - 2 scrolls labelled PICYCZ DETI (gained 1)
Okay, then.
Found 16 gold pieces.
The helpless jelly fails to defend itself.
You hit the jelly.
Your tentacles burn!
The jelly is moderately wounded.
The jelly hits you.
You are splashed with acid!
You hit the jelly. The acid corrodes you!
Your tentacles burn!
The jelly is moderately wounded.
The jelly hits you.
You are splashed with acid!
* * * LOW HITPOINT WARNING * * *
Casting: Magic Dart (safe; 1% risk of failure)
Confirm with . or Enter, or press ? or * to list all spells.
Okay, then.
Unknown command.
The jelly attacks as it pursues you! The jelly barely misses you.
There is a stone staircase leading up here.
The jelly jiggles.
The jelly hits you.
* * * LOW HITPOINT WARNING * * *
You are splashed with acid!
You die...

.....≈≈≈≈≈≈≈≈.######...######
......#.......#...............
.###..#.#....##........#######
.###..#.#######........#
......#.# #......###
......#.#######......#
......#......<.......#
.####.#.........J##### .#
#.#.........@# .#
#.#..........# ..
#.#.########## .. #.#.# .
#.#.# #.#. #.#


You could see a jelly.

Vanquished Creatures
  An iguana (D:4)
  3 adders
  A ribbon worm (D:2)
  4 dart slugs
  6 orcs
  4 ball pythons
  5 bats
  5 endoplasms
  4 giant cockroaches
  10 goblins
  2 hobgoblins
  16 jackals
  9 kobolds
  2 quokkas
  4 frilled lizards
  A rat (D:1)
77 creatures vanquished.

Notes
Turn   | Place    | Note
-------+----------+-------------------------------------------
     0 | D:1      | danspanner the Octopode Conjurer began the quest for the
                  | Orb.
     0 | D:1      | Reached XP level 1. HP: 11/11 MP: 3/3
   151 | D:1      | Reached XP level 2. HP: 17/17 MP: 1/5
   153 | D:1      | Learned a level 1 spell: Freeze
   156 | D:1      | Learned a level 2 spell: Searing Ray
   658 | D:1      | Reached XP level 3. HP: 20/21 MP: 0/6
  1076 | D:1      | Reached skill level 1 in Ice Magic
  1491 | D:2      | Found a shimmering blue altar of Sif Muna.
  1499 | D:2      | Became a worshipper of Sif Muna the Loreminder
  1603 | D:2      | Reached XP level 4. HP: 27/27 MP: 7/7
  1750 | D:2      | Found a faded altar of an unknown god.
  2175 | D:3      | Learned a level 3 spell: Hailstorm
  3382 | D:4      | Noticed Grinder
  3384 | D:4      | Reached * piety under Sif Muna
  3670 | D:4      | Reached XP level 5. HP: 23/31 MP: 1/9
  3842 | D:4      | Found an ornate altar of the Wu Jian Council.
  3982 | D:4      | Noticed Eustachio
  3991 | D:5      | Entered Level 5 of the Dungeon
  3992 | D:5      | You fall into a shaft and drop 1 floor!
  4165 | D:6      | Found a staircase to the Ecumenical Temple.
  4341 | D:5      | Found a glowing silver altar of Zin.
  4344 | D:5      | Found a glowing golden altar of the Shining One.
  4391 | D:5      | HP: 1/31 [acid (10)]
  4401 | D:5      | Splashed by a jelly's acid

Illustrated notes

Levels and vault maps discovered:
D:1:      psy_arrival_statuary, layout_basic
D:2:      layout_loops_cross, basic_ecumenical_altar, basic_altar,
          chequers_serial_rivers_micro_e, kennysheep_path_1,
          minmay_misc_feat_chi, supply_closet_lemuel, minmay_misc_feat_encased,
          hex_large
D:3:      layout_loops_ring
D:4:      layout_layer_cave, nicolae_overflow_hidden_temple, uniq_eustachio,
          uniq_grinder
D:5:      layout_basic, nicolae_overflow_squiral, ebering_ghost_sewer_d,
          nicolae_stop_n_shop_2, eino_curves_02, saegor_snake_ambush
D:6:      layout_basic, mainiacjoe_overflow_small_starburst, temple_statues,
          grunt_ministairs_14, uniq_maggie

Skill      XL: |  1  2  3  4 |
---------------+-------------+-----
Stealth        | 3 4 |  4.2
Ice Magic      | 1 |  1.8
Dodging        | |  2.9
Spellcasting   | |  2.8
Conjurations   | |  4.6

Action                     |  1- 3 |  4- 6 || total
---------------------------+-------+-------++-------
  Melee: Short sword       |    23 |    45 ||    68
         Constrict         |     5 |    14 ||    19
         Tentacles         |     5 |     8 ||    13
   Cast: Magic Dart        |    29 |     6 ||    35
         Searing Ray       |    10 |    11 ||    21
         Freeze            |     1 |     6 ||     7
    Use: Scroll            |     4 |     3 ||     7
   Stab: Sleeping          |     6 |     9 ||    15
 Armour: Skin              |    15 |    34 ||    49
  Dodge: Dodged            |     9 |    37 ||    46

Table legend: (Time is in decaauts)
 A = Elapsed time spent in this place.
 B = Non-inter-level travel time spent in this place.
 C = Inter-level travel time spent in this place.
 D = Time resting spent in this place.
 E = Time spent auto-exploring this place.
 F = Levels seen in this place.
 G = Mean time per level.
                   A        B        C        D        E       F      G
               +--------+--------+--------+--------+--------+-----+--------+
         Total |   4398 |   4325 |     73 |    118 |   3485 |   6 |  733.0 |
       Dungeon |   4398 |   4325 |     73 |    118 |   3485 |   6 |  733.0 |
               +--------+--------+--------+--------+--------+-----+--------+

Top non-repeatable levels by time:
     D:1: 1178 daAuts
     D:2: 990 daAuts
     D:4: 979 daAuts
     D:3: 840 daAuts
     D:6: 282 daAuts
     D:5: 126 daAuts
